 Dungeon Crawl Stone Soup version 0.19-a0-713-g934ebc7 (webtiles) character file.

10 uglyjohn the Caller (level 2, 0/19 HPs)
             Began as a Vampire Summoner on June 20, 2016.
             Slain by a worm (5 damage)
             ... on level 1 of the Dungeon.
             The game lasted 00:01:10 (356 turns).

uglyjohn the Caller (Vampire Summoner)               Turns: 356, Time: 00:01:11

Health: 0/19       AC:  2    Str:  7    XL:     2   Next: 10%
Magic:  2/5        EV: 12    Int: 17    God:
Gold:   11         SH:  0    Dex: 14    Spells: 1 memorised, 4 levels left

rFire  . . .     SeeInvis +       - Unarmed
rCold  . . .     Gourm    .     a - +0 robe
rNeg   . . .     Faith    .     (no shield)
rPois  .         Spirit   .     (no helmet)
rElec  .         Dismiss  .     (no cloak)
rCorr  .         Reflect  .     (no gloves)
SustAt .         Harm     .     (no boots)
MR     .....                    (no amulet)
Stlth  ++........               (no ring)
                                (no ring)

@: very slightly contaminated, regenerating quickly, not resistant to hostile
enchantments, unstealthy
A: fangs 3, see invisible, unbreathing
a: no special abilities


You were on level 1 of the Dungeon.
You were full.

You visited 1 branch of the dungeon, and saw 1 of its levels.

You collected 11 gold pieces.

Inventory:

Armour
 a - a +0 robe (worn)
Scrolls
 d - 2 scrolls of remove curse {unknown}
 f - a scroll of fear {unknown}
Potions
 e - a potion of resistance {unknown}
Books
 b - a book of Callings

   Spells                             Type                      Level
   a - Summon Small Mammal            Summoning                    1
   b - Call Imp                       Summoning                    2
   c - Call Canine Familiar           Summoning                    3
   d - Summon Guardian Golem          Hexes/Summoning              3
   e - Summon Lightning Spire         Summoning/Air                4
   f - Summon Ice Beast               Ice/Summoning                4


   Skills:
 - Level 2.1 Dodging
 - Level 3.0 Stealth
 + Level 1.0 Unarmed Combat
 - Level 2.0 Spellcasting
 + Level 4.3 Summonings


You had 4 spell levels left.
You knew the following spells:

 Your Spells              Type           Power        Failure   Level  Hunger
a - Summon Small Mammal   Summ           ###.         3%          1    #......


Dungeon Overview and Level Annotations

Branches:
Dungeon (1/15)

Altars:
Xom


Innate Abilities, Weirdness & Mutations

Your natural rate of healing is unusually fast.
You have razor-sharp teeth.
You have supernaturally acute eyesight. (SInv)
You can survive without breathing.


Message History

The bat misses you!
Casting: Summon Small Mammal
Confirm with ! or Enter, or press ? or * to list all spells!
The bat barely misses you! The worm closely misses you!
Casting: Summon Small Mammal
Confirm with ! or Enter, or press ? or * to list all spells!
The bat barely misses you! The worm bites you! * * * don't die
* * * You are too injured to fight recklessly!!!
You are too injured to fight recklessly!!!
The bat barely misses you!
Your quokka bites the worm!
Your quokka barely misses the worm!
You barely miss the bat! The bat barely misses you!
Your quokka bites the worm! x2
You barely miss the bat! The bat closely misses you! x2
Your quokka bites the worm but does no damage!
You pound the worm but do no damage!
The worm is almost dead!
The bat closely misses you!
Your quokka closely misses the worm!
Your quokka bites the worm!
The worm bites you! rip

...#####.......
......##......
.............
............#
.........#..###########
....##...#............#
.##.####..............#
......#####...........#
....#...........@b....#
###......#......w†....#
.........#..#...rr....#
......^^....###>......#
###..^_^....# #.......#
....^^^...## #......!#
.#........... ........#
###........##.########
######.#....


You could see a worm, a bat and 2 friendly quokkas.

Vanquished Creatures
  An ooze (D:1)
  4 bats (D:1)
  A ball python (D:1)
  2 rats (D:1)
8 creatures vanquished.

Notes
Turn   | Place    | Note
--------------------------------------------------------------
     0 | D:1      | uglyjohn the Vampire Summoner began the quest for the Orb.
     0 | D:1      | Reached XP level 1. HP: 13/13 MP: 3/3
   271 | D:1      | Reached XP level 2. HP: 12/19 MP: 5/5
   282 | D:1      | Found a shimmering altar of Xom.
   348 | D:1      | Reached skill level 1 in Unarmed Combat
   356 | D:1      | Slain by a worm

Vault maps used:
D:1:      minmay_arrival_stone_box, minmay_fountain_box,
          minmay_misc_feat_hallway, xom_teletrap_fun

Skill      XL: |  1  2 |
---------------+-------+-----
Unarmed Combat | 1 |  1.0
Dodging        | |  2.1
Stealth        | |  3.0
Spellcasting   | |  2.0
Summonings     | |  4.3

Action                   || total
-------------------------++-------
Melee: Unarmed           ||    39
       Bite              ||     4
       Punch             ||     1
 Cast: Summon Small Mamm ||     2
  Use: Potion            ||     2
 Stab: Sleeping          ||     1
  Eat: Corpse            ||     1
Armor: Robe              ||     9
Dodge: Dodged            ||    34
